Sarnia Sailors vs Orlando Solar Bears
Created - Friday, November 29, 2024 at 09:08
Goals
|
| Sarnia Sailors |
0 |
1 |
0 |
1 |
| Orlando Solar Bears |
1 |
1 |
1 |
3 |
|
Shots
|
| Sarnia Sailors |
10 |
16 |
9 |
35 |
| Orlando Solar Bears |
14 |
11 |
18 |
43 |
|
1st period
1. Orlando Solar Bears , Marat Khusnutdinov 22 (Carter Mazur 16) at 18:49
Penalties :
Adam Ginning (SAR) for Roughing (Minor) at 13:59, Adam Beckman (OSB) for Interference (Minor) at 14:06
2nd period
2. Orlando Solar Bears , Philip Tomasino 43 (Justin Danforth 56) at 3:19
3. Sarnia Sailors , Arthur Kaliyev 89 (Brad Lambert 96) at 10:31
Penalties :
Adam Erne (SAR) for Roughing (Minor) at 3:41, Jarred Tinordi (OSB) for Fighting (Major) at 7:47, Jack Rathbone (SAR) for Fighting (Major) at 7:47, Antti Saarela (SAR) for Tripping (Minor) at 16:03
3rd period
4. Orlando Solar Bears , Adam Ruzicka 38 (Dmitri Voronkov 73, Travis Dermott 15) at 19:10 (Empty Net)
Penalties :
Jett Woo (SAR) for Interference (Minor) at 1:34, Adam Ginning (SAR) for Tripping (Minor) at 4:46, Philip Tomasino (OSB) for Fighting (Major) at 9:45, Jett Woo (SAR) for Fighting (Major) at 9:45, Cole Reinhardt (SAR) for Slashing (Minor) at 11:23
Goalie Stats
Remi Poirier (SAR), 40 saves from 42 shots - (0.952), L, 25-7-2, 59:24 minutes
Filip Gustavsson (OSB), 34 saves from 35 shots - (0.971), W, 36-18-1, 60:00 minutes
Players Stats for Sarnia Sailors
Player Name G A P +/- PIM S H SB GA TA FO MP PP MP PK MP
------------------------------------------------------------------------------------
Adam Erne 0 0 0 -2 2 1 1 0 0 0 1/1 16:47 0:00 3:58
Adam Ginning 0 0 0 0 4 0 1 0 0 0 0/0 12:39 0:07 0:15
Antti Saarela 0 0 0 0 2 0 1 0 0 0 1/4 6:59 0:00 0:00
Arthur Kaliyev 1 0 1 0 0 6 1 0 2 1 1/2 20:08 0:00 2:22
Brad Lambert 0 1 1 0 0 2 1 0 0 0 12/22 19:49 0:00 1:59
Cole Reinhardt 0 0 0 0 2 0 0 0 0 0 0/0 11:27 0:00 0:11
Declan Chisholm 0 0 0 -1 0 4 0 5 0 1 0/0 25:51 0:07 5:31
Jack Rathbone 0 0 0 -2 5 0 1 0 0 1 0/0 19:13 0:00 4:31
Jamie Drysdale 0 0 0 -2 0 3 2 5 1 1 0/0 28:24 0:07 5:31
Jesse Puljujarvi 0 0 0 -2 0 4 1 0 2 1 0/1 12:43 0:00 0:00
Jett Woo 0 0 0 0 7 0 1 0 0 0 0/0 16:41 0:00 2:52
Landon Slaggert 0 0 0 0 0 1 0 0 0 0 0/0 9:43 0:00 2:44
Logan Morrison 0 0 0 0 0 4 0 1 0 0 12/20 17:14 0:07 5:08
Lucas Edmonds 0 0 0 0 0 3 2 1 0 0 0/1 8:28 0:07 0:47
Samuel Walker 0 0 0 0 0 1 1 2 0 1 0/0 11:10 0:00 0:00
Tristen Nielsen 0 0 0 -2 0 1 3 0 0 0 7/12 16:04 0:00 2:55
Tyson Hinds 0 0 0 1 0 0 1 3 0 0 0/0 16:41 0:00 1:24
Vasili Podkolzin 0 0 0 0 0 5 1 3 1 0 2/4 17:18 0:00 0:00
Players Stats for Orlando Solar Bears
Player Name G A P +/- PIM S H SB GA TA FO MP PP MP PK MP
------------------------------------------------------------------------------------
Adam Beckman 0 0 0 0 2 0 1 1 0 1 1/2 17:02 4:18 0:00
Adam Ruzicka 1 0 1 1 0 7 1 0 1 0 0/1 19:55 5:26 0:00
Carter Mazur 0 1 1 1 0 0 1 1 1 0 0/0 12:28 0:14 0:00
Dmitri Voronkov 0 1 1 1 0 4 2 0 0 0 8/15 20:19 5:16 0:00
Henry Thrun 0 0 0 -1 0 4 0 2 0 0 0/0 22:18 5:00 0:07
Isaak Phillips 0 0 0 -1 0 1 1 1 0 0 0/0 21:09 5:00 0:07
Jarred Tinordi 0 0 0 2 5 2 3 1 0 0 0/0 22:02 5:02 0:00
Jordan Martinook 0 0 0 1 0 3 0 0 1 0 2/4 20:48 5:26 0:02
Justin Brazeau 0 0 0 1 0 4 1 0 2 0 1/3 15:15 1:14 0:05
Justin Danforth 0 1 1 0 0 5 4 0 0 0 10/20 17:48 4:15 0:05
Justin Sourdif 0 0 0 0 0 1 1 0 0 0 1/3 9:03 0:00 0:00
Marat Khusnutdinov 1 0 1 1 0 2 4 0 0 1 8/18 12:23 0:14 0:00
Martin Pospisil 0 0 0 0 0 3 1 0 1 0 0/0 9:20 0:29 0:00
Philip Tomasino 1 0 1 0 5 3 1 0 0 0 0/1 15:42 3:13 0:02
Spencer Stastney 0 0 0 1 0 0 0 1 0 1 0/0 14:46 0:00 0:00
Travis Dermott 0 1 1 2 0 1 2 0 0 3 0/0 25:24 5:02 0:00
Victor Soderstrom 0 0 0 1 0 1 1 1 0 0 0/0 12:34 0:00 0:00
Viktor Neuchev 0 0 0 0 0 2 1 0 0 0 0/0 8:57 0:00 0:00
3 Stars
1 - Filip Gustavsson (OSB)
2 - Remi Poirier (SAR)
3 - Marat Khusnutdinov (OSB)
Power Play
Sarnia Sailors - 0 on 1 Attempt(s) - 0.00%
Orlando Solar Bears - 0 on 6 Attempt(s) - 0.00%
Penalty Kill
Sarnia Sailors - 6 on 6 Attempt(s) - 100.00%
- Score 0 goal in Penalty Kill
Orlando Solar Bears - 1 on 1 Attempt(s) - 100.00%
- Score 0 goal in Penalty Kill
Team Stat
Sarnia Sailors - Hits : 18 - Faceoff Wins : 36 - Blocked Shots : 20 - Penalty Minutes : 22
Orlando Solar Bears - Hits : 25 - Faceoff Wins : 31 - Blocked Shots : 8 - Penalty Minutes : 12
Official
Referees : Justin Kea and Brian Pochmara
Linesman : Michel Cormier and Andrew Smith
Game Notes
Jarred Tinordi beats up Jack Rathbone at 7:47 of 2nd period
Philip Tomasino and Jett Woo fight to a draw at 9:45 of 3rd period
Adam Ruzicka has scored in a empty net!
Sarnia Sailors
5 vs 5 Forward
Center Left Wing Right Wing Time % Phy DF OF
1 Brad Lambert Vasili Podkolzin Arthur Kaliyev 40 2 1 2
2 Tristen Nielsen Adam Erne Jesse Puljujarvi 30 2 1 2
3 Logan Morrison Samuel Walker Cole Reinhardt 20 1 2 2
4 Antti Saarela Landon Slaggert Lucas Edmonds 10 2 1 2
5 vs 5 Defense
Defense Defense Time % Phy DF OF
1 Jamie Drysdale Declan Chisholm 40 1 2 2
2 Jett Woo Jack Rathbone 30 2 1 2
3 Tyson Hinds Adam Ginning 20 2 2 1
4 Jamie Drysdale Jack Rathbone 10 1 2 2
PowerPlay Forward
Center Left Wing Right Wing Time % Phy DF OF
1 Brad Lambert Vasili Podkolzin Arthur Kaliyev 60 0 1 4
2 Tristen Nielsen Lucas Edmonds Jesse Puljujarvi 40 0 1 4
PowerPlay Defense
Defense Defense Time % Phy DF OF
1 Jamie Drysdale Declan Chisholm 60 1 1 3
2 Jett Woo Jack Rathbone 40 2 1 2
Penalty Kill 4 Players Forward
Center Wing Time % Phy DF OF
1 Logan Morrison Adam Erne 60 2 2 1
2 Tristen Nielsen Landon Slaggert 40 2 2 1
Penalty Kill 4 Players Defense
Defense Defense Time % Phy DF OF
1 Jamie Drysdale Declan Chisholm 60 2 1 2
2 Jett Woo Jack Rathbone 40 2 2 1
Penalty Kill - 3 Players Forward
Forward Time % Phy DF OF
1 Logan Morrison 60 2 2 1
2 Tristen Nielsen 40 2 2 1
Penalty Kill - 3 Players Defense
Defense Defense Time % Phy DF OF
1 Jamie Drysdale Declan Chisholm 60 2 1 2
2 Jett Woo Jack Rathbone 40 2 2 1
4 vs 4 Forward
Center Wing Time % Phy DF OF
1 Brad Lambert Arthur Kaliyev 60 2 1 2
2 Tristen Nielsen Vasili Podkolzin 40 2 1 2
4 vs 4 Defense
Defense Defense Time % Phy DF OF
1 Jamie Drysdale Declan Chisholm 60 1 2 2
2 Jett Woo Jack Rathbone 40 2 1 2
Last Minutes Offensive
Center Left Wing Right Wing Defense Defense
Brad Lambert Vasili Podkolzin Arthur Kaliyev Jamie Drysdale Jack Rathbone
Last Minutes Defensive
Center Left Wing Right Wing Defense Defense
Brad Lambert Vasili Podkolzin Arthur Kaliyev Jamie Drysdale Jack Rathbone
Goaltenders
Starting : Remi Poirier
Backup : Unknown Goalie
Extra Forwards
Normal : Logan Morrison, Lucas Edmonds, Cole Reinhardt - PP : Logan Morrison, Lucas Edmonds - PK : Logan Morrison
Extra Defensemen
Normal : Tyson Hinds, Adam Ginning, Jamie Drysdale - PP : Tyson Hinds - PK : Tyson Hinds, Adam Ginning
Penalty Shots
Arthur Kaliyev, Jesse Puljujarvi, Adam Erne, Vasili Podkolzin, Samuel Walker
Scratches
Daniel Torgersson (Healthy), Tyler Boucher (Healthy), Zach Uens (Healthy), Rory Kerins (Healthy), Sebastian Cossa (Healthy)
Dylan Ferguson (Healthy)
Orlando Solar Bears
5 vs 5 Forward
Center Left Wing Right Wing Time % Phy DF OF
1 Dmitri Voronkov Adam Ruzicka Jordan Martinook 30 1 2 2
2 Justin Danforth Adam Beckman Philip Tomasino 30 1 2 2
3 Marat Khusnutdinov Carter Mazur Justin Brazeau 25 1 2 2
4 Justin Sourdif Viktor Neuchev Martin Pospisil 15 1 2 2
5 vs 5 Defense
Defense Defense Time % Phy DF OF
1 Jarred Tinordi Travis Dermott 30 1 2 2
2 Henry Thrun Isaak Phillips 30 1 2 2
3 Spencer Stastney Victor Soderstrom 25 1 2 2
4 Jarred Tinordi Travis Dermott 15 1 2 2
PowerPlay Forward
Center Left Wing Right Wing Time % Phy DF OF
1 Dmitri Voronkov Adam Ruzicka Jordan Martinook 50 1 2 2
2 Justin Danforth Adam Beckman Philip Tomasino 50 1 2 2
PowerPlay Defense
Defense Defense Time % Phy DF OF
1 Jarred Tinordi Travis Dermott 50 1 2 2
2 Henry Thrun Isaak Phillips 50 1 2 2
Penalty Kill 4 Players Forward
Center Wing Time % Phy DF OF
1 Jordan Martinook Philip Tomasino 50 1 2 2
2 Dmitri Voronkov Justin Danforth 50 1 2 2
Penalty Kill 4 Players Defense
Defense Defense Time % Phy DF OF
1 Jarred Tinordi Travis Dermott 50 1 2 2
2 Henry Thrun Isaak Phillips 50 1 2 2
Penalty Kill - 3 Players Forward
Forward Time % Phy DF OF
1 Jordan Martinook 50 1 2 2
2 Philip Tomasino 50 1 2 2
Penalty Kill - 3 Players Defense
Defense Defense Time % Phy DF OF
1 Jarred Tinordi Travis Dermott 50 1 2 2
2 Henry Thrun Isaak Phillips 50 1 2 2
4 vs 4 Forward
Center Wing Time % Phy DF OF
1 Jordan Martinook Philip Tomasino 50 1 2 2
2 Dmitri Voronkov Justin Danforth 50 1 2 2
4 vs 4 Defense
Defense Defense Time % Phy DF OF
1 Jarred Tinordi Travis Dermott 50 1 2 2
2 Henry Thrun Isaak Phillips 50 1 2 2
Last Minutes Offensive
Center Left Wing Right Wing Defense Defense
Dmitri Voronkov Adam Ruzicka Jordan Martinook Jarred Tinordi Travis Dermott
Last Minutes Defensive
Center Left Wing Right Wing Defense Defense
Dmitri Voronkov Adam Ruzicka Jordan Martinook Jarred Tinordi Travis Dermott
Goaltenders
Starting : Filip Gustavsson
Backup : Erik Portillo
Extra Forwards
Normal : Justin Brazeau, Martin Pospisil, Marat Khusnutdinov - PP : Justin Brazeau, Martin Pospisil - PK : Marat Khusnutdinov
Extra Defensemen
Normal : Spencer Stastney, Victor Soderstrom, Henry Thrun - PP : Spencer Stastney - PK : Victor Soderstrom, Henry Thrun
Penalty Shots
Jordan Martinook, Philip Tomasino, Dmitri Voronkov, Justin Danforth, Adam Ruzicka
Scratches
Elliot Desnoyers (Healthy), Lukas Cormier (Healthy), Amadeus Lombardi (Healthy), Alex Turcotte (Healthy), Alexis Gendron (Healthy)
Topi Niemela (Healthy), Vadim Zherenko (Healthy)
% Time on Ice - Sarnia Sailors
Lines # - Real PCT - Wanted PCT - Time Play
Normal Forward
1 - 36% - 40% - 17:14
2 - 27% - 30% - 12:41
3 - 23% - 20% - 11:10
4 - 14% - 10% - 6:33
Normal Defense
1 - 42% - 40% - 20:12
2 - 31% - 30% - 14:42
3 - 20% - 20% - 9:34
4 - 7% - 10% - 3:10
PP Forward
1 - 100% - 60% - 0:07
2 - 0% - 40% - 0:00
PP Defense
1 - 100% - 60% - 0:07
2 - 0% - 40% - 0:00
PK Forward
1 - 73% - 60% - 7:18
2 - 27% - 40% - 2:44
PK Defense
1 - 55% - 60% - 5:31
2 - 45% - 40% - 4:31
PK3 Forward
1 - 0% - 60%
2 - 0% - 40%
PK3 Defense
1 - 0% - 60%
2 - 0% - 40%
44 Forward
1 - 76% - 60% - 1:25
2 - 24% - 40% - 0:27
44 Defense
1 - 55% - 60% - 1:02
2 - 45% - 40% - 0:50
Last Minute Offensive - 0:21
Last Minute Defensive - 0:00
Total
Forward - 60:00
Defense - 60:00
|
% Time on Ice - Orlando Solar Bears
Lines # - Real PCT - Wanted PCT - Time Play
Normal Forward
1 - 31% - 30% - 14:50
2 - 26% - 30% - 12:27
3 - 25% - 25% - 11:41
4 - 18% - 15% - 8:35
Normal Defense
1 - 30% - 30% - 14:17
2 - 32% - 30% - 15:10
3 - 26% - 25% - 12:34
4 - 12% - 15% - 5:32
PP Forward
1 - 52% - 50% - 5:16
2 - 48% - 50% - 4:46
PP Defense
1 - 50% - 50% - 5:02
2 - 50% - 50% - 5:00
PK Forward
1 - 29% - 50% - 0:02
2 - 71% - 50% - 0:05
PK Defense
1 - 0% - 50% - 0:00
2 - 100% - 50% - 0:07
PK3 Forward
1 - 0% - 50%
2 - 0% - 50%
PK3 Defense
1 - 0% - 50%
2 - 0% - 50%
44 Forward
1 - 42% - 50% - 0:47
2 - 58% - 50% - 1:05
44 Defense
1 - 54% - 50% - 1:00
2 - 46% - 50% - 0:52
Last Minute Offensive - 0:00
Last Minute Defensive - 0:26
Total
Forward - 60:00
Defense - 60:00
|
Play-by-Play
1st period
0:01 of 1st period - Dmitri Voronkov wins face-off versus Vasili Podkolzin in neutral zone.
0:04 of 1st period - Wrist shot by Dmitri Voronkov.
0:04 of 1st period - Shot Blocked by Declan Chisholm.
0:06 of 1st period - Slapshot by Adam Ruzicka.
0:06 of 1st period - Shot Blocked by Jamie Drysdale.
0:08 of 1st period - Slapshot by Travis Dermott.
0:08 of 1st period - Shot Blocked by Jamie Drysdale.
0:10 of 1st period - Slapshot by Jarred Tinordi.
0:10 of 1st period - Stopped by Remi Poirier without a rebound.
0:11 of 1st period - Tristen Nielsen wins face-off versus Justin Danforth in Sarnia Sailors zone.
0:11 of 1st period - Tristen Nielsen is hit by Justin Danforth.
0:19 of 1st period - Wrist shot by Jesse Puljujarvi.
0:19 of 1st period - Shot Blocked by Henry Thrun.
0:57 of 1st period - Tyson Hinds is hit by Justin Danforth and loses puck.
1:38 of 1st period - Wrist shot by Logan Morrison.
1:38 of 1st period - Stopped by Filip Gustavsson with a rebound.
1:50 of 1st period - Snap shot by Justin Danforth.
1:50 of 1st period - Shot Misses the Net.
1:52 of 1st period - Snap shot by Adam Beckman.
1:52 of 1st period - Shot Blocked by Samuel Walker.
1:54 of 1st period - Snap shot by Henry Thrun.
1:54 of 1st period - Shot Blocked by Logan Morrison.
2:33 of 1st period - Wrist shot by Samuel Walker.
2:33 of 1st period - Stopped by Filip Gustavsson with a rebound.
2:41 of 1st period - Snap shot by Justin Danforth.
2:41 of 1st period - Stopped by Remi Poirier with a rebound.
2:43 of 1st period - Wrist shot by Justin Danforth.
2:43 of 1st period - Shot Misses the Net.
2:45 of 1st period - Snap shot by Justin Danforth.
2:45 of 1st period - Stopped by Remi Poirier with a rebound.
2:47 of 1st period - Slapshot by Henry Thrun.
2:47 of 1st period - Shot Misses the Net.
2:49 of 1st period - Slapshot by Henry Thrun.
2:49 of 1st period - Shot Blocked by Samuel Walker.
2:51 of 1st period - Snap shot by Justin Danforth.
2:51 of 1st period - Stopped by Remi Poirier with a rebound.
2:53 of 1st period - Slapshot by Henry Thrun.
2:53 of 1st period - Shot Blocked by Tyson Hinds.
3:20 of 1st period - Icing by Adam Ginning.
3:21 of 1st period - Logan Morrison wins face-off versus Marat Khusnutdinov in Sarnia Sailors zone.
3:28 of 1st period - Snap shot by Logan Morrison.
3:28 of 1st period - Shot Blocked by Spencer Stastney.
3:46 of 1st period - Tyson Hinds is hit by Victor Soderstrom.
3:56 of 1st period - Slapshot by Vasili Podkolzin.
3:56 of 1st period - Stopped by Filip Gustavsson with a rebound.
7:49 of 1st period - Icing by Jarred Tinordi.
7:50 of 1st period - Marat Khusnutdinov wins face-off versus Antti Saarela in Orlando Solar Bears zone.
9:48 of 1st period - Victor Soderstrom is hit by Adam Ginning and loses puck.
10:17 of 1st period - Logan Morrison is hit by Travis Dermott and loses puck.
12:07 of 1st period - Henry Thrun is hit by Jamie Drysdale and loses puck.
12:15 of 1st period - Icing by Henry Thrun.
12:16 of 1st period - Logan Morrison wins face-off versus Dmitri Voronkov in Orlando Solar Bears zone.
12:46 of 1st period - Jarred Tinordi is hit by Vasili Podkolzin and loses puck.
13:04 of 1st period - Snap shot by Dmitri Voronkov.
13:04 of 1st period - Stopped by Remi Poirier with a rebound.
13:06 of 1st period - Wrist shot by Dmitri Voronkov.
13:06 of 1st period - Stopped by Remi Poirier with a rebound.
13:08 of 1st period - Wrist shot by Adam Ruzicka.
13:08 of 1st period - Shot Misses the Net.
13:10 of 1st period - Snap shot by Adam Ruzicka.
13:10 of 1st period - Stopped by Remi Poirier with a rebound.
13:12 of 1st period - Snap shot by Adam Ruzicka.
13:12 of 1st period - Shot Misses the Net.
13:14 of 1st period - Slapshot by Jarred Tinordi.
13:14 of 1st period - Shot Blocked by Vasili Podkolzin.
13:16 of 1st period - Wrist shot by Jordan Martinook.
13:16 of 1st period - Stopped by Remi Poirier with a rebound.
13:48 of 1st period - Snap shot by Dmitri Voronkov.
13:48 of 1st period - Shot Misses the Net.
13:50 of 1st period - Snap shot by Adam Ruzicka.
13:50 of 1st period - Stopped by Remi Poirier without a rebound.
13:51 of 1st period - Marat Khusnutdinov wins face-off versus Tristen Nielsen in Sarnia Sailors zone.
13:59 of 1st period - Minor Penalty to Adam Ginning for Roughing.
14:00 of 1st period - Justin Danforth wins face-off versus Logan Morrison in Sarnia Sailors zone.
14:06 of 1st period - Minor Penalty to Adam Beckman for Interference.
14:07 of 1st period - Justin Brazeau wins face-off versus Brad Lambert in Orlando Solar Bears zone.
14:18 of 1st period - Snap shot by Justin Brazeau.
14:18 of 1st period - Stopped by Remi Poirier with a rebound.
14:20 of 1st period - Slapshot by Jarred Tinordi.
14:20 of 1st period - Deflect By Jamie Drysdale.
14:20 of 1st period - Stopped by Remi Poirier without a rebound.
14:21 of 1st period - Brad Lambert wins face-off versus Jordan Martinook in Sarnia Sailors zone.
15:23 of 1st period - Jett Woo is hit by Jarred Tinordi and loses puck.
15:50 of 1st period - Slapshot by Declan Chisholm.
15:50 of 1st period - Deflect By Lucas Edmonds.
15:50 of 1st period - Shot Misses the Net.
15:50 of 1st period - Puck is out of play.
15:51 of 1st period - Logan Morrison wins face-off versus Justin Brazeau in Orlando Solar Bears zone.
15:52 of 1st period - Slapshot by Jamie Drysdale.
15:52 of 1st period - Deflect By Lucas Edmonds.
15:52 of 1st period - Stopped by Filip Gustavsson with a rebound.
15:59 of 1st period - Penalty to Adam Ginning is over, Adam Ginning is back on ice.
16:06 of 1st period - Penalty to Adam Beckman is over, Adam Beckman is back on ice.
16:18 of 1st period - Slapshot by Declan Chisholm.
16:18 of 1st period - Shot Misses the Net.
16:20 of 1st period - Slapshot by Jamie Drysdale.
16:20 of 1st period - Shot Blocked by Henry Thrun.
16:22 of 1st period - Wrist shot by Jamie Drysdale.
16:22 of 1st period - Stopped by Filip Gustavsson without a rebound.
16:23 of 1st period - Tristen Nielsen wins face-off versus Marat Khusnutdinov in Orlando Solar Bears zone.
16:24 of 1st period - Snap shot by Jesse Puljujarvi.
16:24 of 1st period - Stopped by Filip Gustavsson with a rebound.
16:30 of 1st period - Snap shot by Jesse Puljujarvi.
16:30 of 1st period - Stopped by Filip Gustavsson with a rebound.
16:48 of 1st period - Arthur Kaliyev is hit by Viktor Neuchev and loses puck.
16:57 of 1st period - Wrist shot by Arthur Kaliyev.
16:57 of 1st period - Stopped by Filip Gustavsson without a rebound.
16:58 of 1st period - Tristen Nielsen wins face-off versus Justin Danforth in Orlando Solar Bears zone.
17:32 of 1st period - Snap shot by Vasili Podkolzin.
17:32 of 1st period - Stopped by Filip Gustavsson without a rebound.
17:33 of 1st period - Brad Lambert wins face-off versus Marat Khusnutdinov in Orlando Solar Bears zone.
17:46 of 1st period - Snap shot by Marat Khusnutdinov.
17:46 of 1st period - Shot Misses the Net.
17:52 of 1st period - Marat Khusnutdinov is hit by Arthur Kaliyev and loses puck.
18:13 of 1st period - Snap shot by Justin Danforth.
18:13 of 1st period - Stopped by Remi Poirier without a rebound.
18:14 of 1st period - Justin Sourdif wins face-off versus Logan Morrison in Sarnia Sailors zone.
18:15 of 1st period - Snap shot by Martin Pospisil.
18:15 of 1st period - Shot Blocked by Jamie Drysdale.
18:44 of 1st period - Jesse Puljujarvi is hit by Marat Khusnutdinov and loses puck.
18:49 of 1st period - Snap shot by Marat Khusnutdinov.
18:49 of 1st period - Goal by Marat Khusnutdinov - Sarnia Sailors : 0 - Orlando Solar Bears : 1.
18:50 of 1st period - Justin Danforth wins face-off versus Brad Lambert in neutral zone.
19:05 of 1st period - Slapshot by Justin Danforth.
19:05 of 1st period - Stopped by Remi Poirier with a rebound.
19:15 of 1st period - Declan Chisholm is hit by Marat Khusnutdinov and loses puck.
19:40 of 1st period - Slapshot by Declan Chisholm.
19:40 of 1st period - Stopped by Filip Gustavsson without a rebound.
19:41 of 1st period - Logan Morrison wins face-off versus Justin Danforth in Orlando Solar Bears zone.
Goals for this period are 0 for Sarnia Sailors vs 1 for Orlando Solar Bears.
Shots for this period are 10 for Sarnia Sailors vs 14 for Orlando Solar Bears.
2nd period
0:01 of 2nd period - Adam Beckman wins face-off versus Brad Lambert in neutral zone.
0:04 of 2nd period - Vasili Podkolzin is hit by Travis Dermott and loses puck.
0:09 of 2nd period - Snap shot by Philip Tomasino.
0:09 of 2nd period - Shot Blocked by Vasili Podkolzin.
0:11 of 2nd period - Slapshot by Travis Dermott.
0:11 of 2nd period - Stopped by Remi Poirier without a rebound.
0:12 of 2nd period - Brad Lambert wins face-off versus Marat Khusnutdinov in Sarnia Sailors zone.
0:17 of 2nd period - Brad Lambert is hit by Jarred Tinordi and loses puck.
1:18 of 2nd period - Icing by Henry Thrun.
1:19 of 2nd period - Dmitri Voronkov wins face-off versus Lucas Edmonds in Orlando Solar Bears zone.
1:26 of 2nd period - Lucas Edmonds is hit by Justin Brazeau and loses puck.
1:53 of 2nd period - Wrist shot by Justin Danforth.
1:53 of 2nd period - Shot Blocked by Tyson Hinds.
2:32 of 2nd period - Off-side.
2:33 of 2nd period - Brad Lambert wins face-off versus Justin Sourdif in neutral zone.
2:37 of 2nd period - Off-side.
2:38 of 2nd period - Brad Lambert wins face-off versus Justin Brazeau in neutral zone.
3:09 of 2nd period - Snap shot by Dmitri Voronkov.
3:09 of 2nd period - Deflect By Adam Ruzicka.
3:09 of 2nd period - Shot Misses the Net.
3:09 of 2nd period - Puck is out of play.
3:10 of 2nd period - Dmitri Voronkov wins face-off versus Tristen Nielsen in Sarnia Sailors zone.
3:13 of 2nd period - Snap shot by Adam Ruzicka.
3:13 of 2nd period - Stopped by Remi Poirier without a rebound.
3:14 of 2nd period - Justin Danforth wins face-off versus Jesse Puljujarvi in Sarnia Sailors zone.
3:19 of 2nd period - Wrist shot by Philip Tomasino.
3:19 of 2nd period - Goal by Philip Tomasino - Sarnia Sailors : 0 - Orlando Solar Bears : 2.
3:20 of 2nd period - Justin Danforth wins face-off versus Tristen Nielsen in neutral zone.
3:23 of 2nd period - Slapshot by Travis Dermott.
3:23 of 2nd period - Deflect By Philip Tomasino.
3:23 of 2nd period - Stopped by Remi Poirier with a rebound.
3:25 of 2nd period - Snap shot by Travis Dermott.
3:25 of 2nd period - Shot Blocked by Jamie Drysdale.
3:27 of 2nd period - Snap shot by Philip Tomasino.
3:27 of 2nd period - Shot Misses the Net.
3:29 of 2nd period - Slapshot by Adam Beckman.
3:29 of 2nd period - Shot Misses the Net.
3:41 of 2nd period - Minor Penalty to Adam Erne for Roughing.
3:42 of 2nd period - Jordan Martinook wins face-off versus Arthur Kaliyev in Sarnia Sailors zone.
3:47 of 2nd period - Wrist shot by Dmitri Voronkov.
3:47 of 2nd period - Stopped by Remi Poirier with a rebound.
3:49 of 2nd period - Snap shot by Adam Ruzicka.
3:49 of 2nd period - Stopped by Remi Poirier with a rebound.
4:52 of 2nd period - Isaak Phillips is hit by Jamie Drysdale and loses puck.
4:59 of 2nd period - Arthur Kaliyev is hit by Dmitri Voronkov and loses puck.
5:21 of 2nd period - Lucas Edmonds is hit by Adam Ruzicka and loses puck.
5:26 of 2nd period - Snap shot by Adam Ruzicka.
5:26 of 2nd period - Shot Blocked by Lucas Edmonds.
5:41 of 2nd period - Penalty to Adam Erne is over, Adam Erne is back on ice.
5:49 of 2nd period - Declan Chisholm is hit by Isaak Phillips and loses puck.
5:54 of 2nd period - Slapshot by Adam Ruzicka.
5:54 of 2nd period - Deflect By Dmitri Voronkov.
5:54 of 2nd period - Shot Misses the Net.
5:54 of 2nd period - Puck is out of play.
5:55 of 2nd period - Tristen Nielsen wins face-off versus Justin Danforth in Sarnia Sailors zone.
5:55 of 2nd period - Tristen Nielsen is hit by Justin Danforth.
7:17 of 2nd period - Brad Lambert is hit by Jarred Tinordi and loses puck.
7:46 of 2nd period - Slapshot by Declan Chisholm.
7:46 of 2nd period - Deflect By Philip Tomasino.
7:46 of 2nd period - Stopped by Filip Gustavsson without a rebound.
7:47 of 2nd period - Justin Danforth wins face-off versus Antti Saarela in Orlando Solar Bears zone.
7:47 of 2nd period - Jarred Tinordi beats up Jack Rathbone.
7:47 of 2nd period - Penalty to Jarred Tinordi for Fighting.
7:47 of 2nd period - Penalty to Jack Rathbone for Fighting.
7:48 of 2nd period - Marat Khusnutdinov wins face-off versus Brad Lambert in Orlando Solar Bears zone.
7:48 of 2nd period - Marat Khusnutdinov is hit by Brad Lambert.
7:54 of 2nd period - Slapshot by Justin Brazeau.
7:54 of 2nd period - Stopped by Remi Poirier without a rebound.
7:55 of 2nd period - Brad Lambert wins face-off versus Marat Khusnutdinov in Sarnia Sailors zone.
8:09 of 2nd period - Slapshot by Marat Khusnutdinov.
8:09 of 2nd period - Shot Misses the Net.
8:11 of 2nd period - Slapshot by Spencer Stastney.
8:11 of 2nd period - Shot Blocked by Tyson Hinds.
8:18 of 2nd period - Icing by Jett Woo.
8:19 of 2nd period - Tristen Nielsen wins face-off versus Jordan Martinook in Sarnia Sailors zone.
8:28 of 2nd period - Slapshot by Jesse Puljujarvi.
8:28 of 2nd period - Shot Misses the Net.
8:30 of 2nd period - Slapshot by Tristen Nielsen.
8:30 of 2nd period - Shot Misses the Net.
8:32 of 2nd period - Wrist shot by Adam Erne.
8:32 of 2nd period - Shot Misses the Net.
8:34 of 2nd period - Snap shot by Adam Erne.
8:34 of 2nd period - Stopped by Filip Gustavsson without a rebound.
8:35 of 2nd period - Brad Lambert wins face-off versus Justin Danforth in Orlando Solar Bears zone.
8:36 of 2nd period - Wrist shot by Arthur Kaliyev.
8:36 of 2nd period - Stopped by Filip Gustavsson without a rebound.
8:37 of 2nd period - Arthur Kaliyev wins face-off versus Justin Danforth in Orlando Solar Bears zone.
8:38 of 2nd period - Slapshot by Jamie Drysdale.
8:38 of 2nd period - Stopped by Filip Gustavsson without a rebound.
8:39 of 2nd period - Justin Danforth wins face-off versus Brad Lambert in Orlando Solar Bears zone.
9:14 of 2nd period - Snap shot by Tristen Nielsen.
9:14 of 2nd period - Shot Misses the Net.
9:34 of 2nd period - Wrist shot by Justin Brazeau.
9:34 of 2nd period - Stopped by Remi Poirier without a rebound.
9:35 of 2nd period - Justin Danforth wins face-off versus Vasili Podkolzin in Sarnia Sailors zone.
9:36 of 2nd period - Snap shot by Philip Tomasino.
9:36 of 2nd period - Shot Misses the Net.
10:07 of 2nd period - Snap shot by Tristen Nielsen.
10:07 of 2nd period - Stopped by Filip Gustavsson without a rebound.
10:08 of 2nd period - Tristen Nielsen wins face-off versus Dmitri Voronkov in Orlando Solar Bears zone.
10:09 of 2nd period - Snap shot by Jesse Puljujarvi.
10:09 of 2nd period - Shot Misses the Net.
10:29 of 2nd period - Snap shot by Jesse Puljujarvi.
10:29 of 2nd period - Stopped by Filip Gustavsson without a rebound.
10:30 of 2nd period - Brad Lambert wins face-off versus Justin Danforth in Orlando Solar Bears zone.
10:31 of 2nd period - Wrist shot by Arthur Kaliyev.
10:31 of 2nd period - Goal by Arthur Kaliyev - Sarnia Sailors : 1 - Orlando Solar Bears : 2.
10:32 of 2nd period - Dmitri Voronkov wins face-off versus Brad Lambert in neutral zone.
10:39 of 2nd period - Snap shot by Arthur Kaliyev.
10:39 of 2nd period - Deflect By Brad Lambert.
10:39 of 2nd period - Shot Misses the Net.
10:39 of 2nd period - Puck is out of play.
10:40 of 2nd period - Brad Lambert wins face-off versus Dmitri Voronkov in Orlando Solar Bears zone.
10:47 of 2nd period - Snap shot by Arthur Kaliyev.
10:47 of 2nd period - Stopped by Filip Gustavsson without a rebound.
10:48 of 2nd period - Marat Khusnutdinov wins face-off versus Brad Lambert in Orlando Solar Bears zone.
11:13 of 2nd period - Jamie Drysdale is hit by Adam Beckman and loses puck.
11:29 of 2nd period - Icing by Spencer Stastney.
11:30 of 2nd period - Logan Morrison wins face-off versus Dmitri Voronkov in Orlando Solar Bears zone.
11:33 of 2nd period - Snap shot by Logan Morrison.
11:33 of 2nd period - Deflect By Samuel Walker.
11:33 of 2nd period - Shot Misses the Net.
11:33 of 2nd period - Puck is out of play.
11:34 of 2nd period - Logan Morrison wins face-off versus Dmitri Voronkov in Orlando Solar Bears zone.
11:47 of 2nd period - Snap shot by Jordan Martinook.
11:47 of 2nd period - Shot Hit the Post.
11:59 of 2nd period - Jett Woo is hit by Philip Tomasino and loses puck.
12:07 of 2nd period - Icing by Arthur Kaliyev.
12:08 of 2nd period - Brad Lambert wins face-off versus Marat Khusnutdinov in Sarnia Sailors zone.
12:08 of 2nd period - Brad Lambert is hit by Marat Khusnutdinov.
13:20 of 2nd period - Wrist shot by Logan Morrison.
13:20 of 2nd period - Stopped by Filip Gustavsson with a rebound.
13:22 of 2nd period - Slapshot by Declan Chisholm.
13:22 of 2nd period - Stopped by Filip Gustavsson with a rebound.
13:24 of 2nd period - Snap shot by Lucas Edmonds.
13:24 of 2nd period - Stopped by Filip Gustavsson with a rebound.
13:26 of 2nd period - Snap shot by Lucas Edmonds.
13:26 of 2nd period - Stopped by Filip Gustavsson with a rebound.
13:28 of 2nd period - Snap shot by Jamie Drysdale.
13:28 of 2nd period - Stopped by Filip Gustavsson without a rebound.
13:29 of 2nd period - Vasili Podkolzin wins face-off versus Marat Khusnutdinov in Orlando Solar Bears zone.
13:34 of 2nd period - Wrist shot by Arthur Kaliyev.
13:34 of 2nd period - Shot Misses the Net.
13:40 of 2nd period - Snap shot by Justin Brazeau.
13:40 of 2nd period - Shot Misses the Net.
13:44 of 2nd period - Snap shot by Justin Brazeau.
13:44 of 2nd period - Stopped by Remi Poirier with a rebound.
14:03 of 2nd period - Wrist shot by Dmitri Voronkov.
14:03 of 2nd period - Stopped by Remi Poirier with a rebound.
14:15 of 2nd period - Adam Beckman is hit by Samuel Walker and loses puck.
14:20 of 2nd period - Snap shot by Jamie Drysdale.
14:20 of 2nd period - Shot Misses the Net.
14:22 of 2nd period - Slapshot by Jack Rathbone.
14:22 of 2nd period - Shot Blocked by Adam Beckman.
14:24 of 2nd period - Snap shot by Logan Morrison.
14:24 of 2nd period - Deflect By Henry Thrun.
14:24 of 2nd period - Stopped by Filip Gustavsson with a rebound.
14:44 of 2nd period - Wrist shot by Martin Pospisil.
14:44 of 2nd period - Shot Misses the Net.
14:56 of 2nd period - Justin Brazeau is hit by Tyson Hinds and loses puck.
15:17 of 2nd period - Travis Dermott is hit by Adam Erne and loses puck.
15:41 of 2nd period - Wrist shot by Logan Morrison.
15:41 of 2nd period - Shot Blocked by Jarred Tinordi.
15:53 of 2nd period - Viktor Neuchev is hit by Lucas Edmonds and loses puck.
16:03 of 2nd period - Minor Penalty to Antti Saarela for Tripping.
16:04 of 2nd period - Logan Morrison wins face-off versus Adam Beckman in Sarnia Sailors zone.
17:35 of 2nd period - Adam Beckman is hit by Jack Rathbone and loses puck.
18:03 of 2nd period - Penalty to Antti Saarela is over, Antti Saarela is back on ice.
18:32 of 2nd period - Slapshot by Jesse Puljujarvi.
18:32 of 2nd period - Shot Misses the Net.
18:53 of 2nd period - Wrist shot by Marat Khusnutdinov.
18:53 of 2nd period - Stopped by Remi Poirier with a rebound.
19:17 of 2nd period - Snap shot by Vasili Podkolzin.
19:17 of 2nd period - Deflect By Arthur Kaliyev.
19:17 of 2nd period - Shot Misses the Net.
19:17 of 2nd period - Puck is out of play.
19:18 of 2nd period - Marat Khusnutdinov wins face-off versus Brad Lambert in Orlando Solar Bears zone.
19:32 of 2nd period - Wrist shot by Vasili Podkolzin.
19:32 of 2nd period - Stopped by Filip Gustavsson with a rebound.
19:34 of 2nd period - Snap shot by Arthur Kaliyev.
19:34 of 2nd period - Stopped by Filip Gustavsson with a rebound.
19:44 of 2nd period - Isaak Phillips is hit by Lucas Edmonds and loses puck.
Goals for this period are 1 for Sarnia Sailors vs 1 for Orlando Solar Bears.
Shots for this period are 16 for Sarnia Sailors vs 11 for Orlando Solar Bears.
3rd period
0:01 of 3rd period - Vasili Podkolzin wins face-off versus Justin Danforth in neutral zone.
0:08 of 3rd period - Wrist shot by Brad Lambert.
0:08 of 3rd period - Stopped by Filip Gustavsson with a rebound.
0:26 of 3rd period - Travis Dermott is hit by Jesse Puljujarvi and loses puck.
0:39 of 3rd period - Adam Ruzicka is hit by Tristen Nielsen and loses puck.
1:02 of 3rd period - Snap shot by Adam Ruzicka.
1:02 of 3rd period - Deflect By Landon Slaggert.
1:02 of 3rd period - Shot Misses the Net.
1:02 of 3rd period - Puck is out of play.
1:03 of 3rd period - Justin Danforth wins face-off versus Brad Lambert in Sarnia Sailors zone.
1:12 of 3rd period - Snap shot by Philip Tomasino.
1:12 of 3rd period - Stopped by Remi Poirier with a rebound.
1:28 of 3rd period - Tristen Nielsen is hit by Marat Khusnutdinov and loses puck.
1:34 of 3rd period - Minor Penalty to Jett Woo for Interference.
1:35 of 3rd period - Logan Morrison wins face-off versus Philip Tomasino in Sarnia Sailors zone.
3:33 of 3rd period - Landon Slaggert is hit by Martin Pospisil and loses puck.
3:34 of 3rd period - Penalty to Jett Woo is over, Jett Woo is back on ice.
3:44 of 3rd period - Wrist shot by Martin Pospisil.
3:44 of 3rd period - Shot Misses the Net.
3:46 of 3rd period - Wrist shot by Martin Pospisil.
3:46 of 3rd period - Shot Misses the Net.
3:48 of 3rd period - Snap shot by Martin Pospisil.
3:48 of 3rd period - Stopped by Remi Poirier with a rebound.
3:50 of 3rd period - Snap shot by Justin Sourdif.
3:50 of 3rd period - Shot Blocked by Vasili Podkolzin.
4:02 of 3rd period - Snap shot by Lucas Edmonds.
4:02 of 3rd period - Shot Blocked by Carter Mazur.
4:19 of 3rd period - Cole Reinhardt is hit by Justin Sourdif and loses puck.
4:46 of 3rd period - Minor Penalty to Adam Ginning for Tripping.
4:47 of 3rd period - Dmitri Voronkov wins face-off versus Logan Morrison in Sarnia Sailors zone.
4:51 of 3rd period - Snap shot by Jordan Martinook.
4:51 of 3rd period - Shot Misses the Net.
4:53 of 3rd period - Slapshot by Henry Thrun.
4:53 of 3rd period - Deflect By Logan Morrison.
4:53 of 3rd period - Stopped by Remi Poirier without a rebound.
4:54 of 3rd period - Dmitri Voronkov wins face-off versus Logan Morrison in Sarnia Sailors zone.
5:27 of 3rd period - Slapshot by Henry Thrun.
5:27 of 3rd period - Stopped by Remi Poirier with a rebound.
5:47 of 3rd period - Travis Dermott is hit by Tristen Nielsen and loses puck.
6:27 of 3rd period - Dmitri Voronkov is hit by Tristen Nielsen and loses puck.
6:46 of 3rd period - Penalty to Adam Ginning is over, Adam Ginning is back on ice.
7:00 of 3rd period - Tyson Hinds is hit by Carter Mazur and loses puck.
7:37 of 3rd period - Wrist shot by Logan Morrison.
7:37 of 3rd period - Stopped by Filip Gustavsson with a rebound.
7:50 of 3rd period - Icing by Tristen Nielsen.
7:51 of 3rd period - Justin Danforth wins face-off versus Tristen Nielsen in Sarnia Sailors zone.
8:34 of 3rd period - Icing by Jamie Drysdale.
8:35 of 3rd period - Jordan Martinook wins face-off versus Brad Lambert in Sarnia Sailors zone.
8:38 of 3rd period - Snap shot by Dmitri Voronkov.
8:38 of 3rd period - Shot Blocked by Declan Chisholm.
8:40 of 3rd period - Wrist shot by Jordan Martinook.
8:40 of 3rd period - Stopped by Remi Poirier with a rebound.
8:42 of 3rd period - Snap shot by Henry Thrun.
8:42 of 3rd period - Stopped by Remi Poirier with a rebound.
9:04 of 3rd period - Wrist shot by Arthur Kaliyev.
9:04 of 3rd period - Shot Misses the Net.
9:10 of 3rd period - Slapshot by Jamie Drysdale.
9:10 of 3rd period - Shot Blocked by Isaak Phillips.
9:24 of 3rd period - Wrist shot by Dmitri Voronkov.
9:24 of 3rd period - Shot Misses the Net.
9:26 of 3rd period - Slapshot by Henry Thrun.
9:26 of 3rd period - Stopped by Remi Poirier with a rebound.
9:28 of 3rd period - Snap shot by Dmitri Voronkov.
9:28 of 3rd period - Shot Blocked by Declan Chisholm.
9:30 of 3rd period - Wrist shot by Adam Ruzicka.
9:30 of 3rd period - Stopped by Remi Poirier with a rebound.
9:32 of 3rd period - Snap shot by Dmitri Voronkov.
9:32 of 3rd period - Shot Misses the Net.
9:38 of 3rd period - Wrist shot by Adam Ruzicka.
9:38 of 3rd period - Stopped by Remi Poirier with a rebound.
9:40 of 3rd period - Wrist shot by Isaak Phillips.
9:40 of 3rd period - Shot Blocked by Declan Chisholm.
9:42 of 3rd period - Slapshot by Jordan Martinook.
9:42 of 3rd period - Stopped by Remi Poirier with a rebound.
9:44 of 3rd period - Slapshot by Isaak Phillips.
9:44 of 3rd period - Stopped by Remi Poirier without a rebound.
9:45 of 3rd period - Justin Danforth wins face-off versus Tristen Nielsen in Sarnia Sailors zone.
9:45 of 3rd period - Philip Tomasino and Jett Woo fight to a draw.
9:45 of 3rd period - Penalty to Philip Tomasino for Fighting.
9:45 of 3rd period - Penalty to Jett Woo for Fighting.
9:46 of 3rd period - Tristen Nielsen wins face-off versus Justin Danforth in Sarnia Sailors zone.
9:46 of 3rd period - Jesse Puljujarvi is hit by Justin Danforth and loses puck.
10:00 of 3rd period - Off-side.
10:01 of 3rd period - Dmitri Voronkov wins face-off versus Logan Morrison in neutral zone.
10:04 of 3rd period - Slapshot by Travis Dermott.
10:04 of 3rd period - Deflect By Dmitri Voronkov.
10:04 of 3rd period - Shot Blocked by Declan Chisholm.
10:04 of 3rd period - Puck is out of play.
10:05 of 3rd period - Dmitri Voronkov wins face-off versus Logan Morrison in Sarnia Sailors zone.
10:54 of 3rd period - Wrist shot by Martin Pospisil.
10:54 of 3rd period - Deflect By Viktor Neuchev.
10:54 of 3rd period - Stopped by Remi Poirier with a rebound.
10:56 of 3rd period - Snap shot by Martin Pospisil.
10:56 of 3rd period - Stopped by Remi Poirier with a rebound.
10:58 of 3rd period - Snap shot by Viktor Neuchev.
10:58 of 3rd period - Stopped by Remi Poirier with a rebound.
11:00 of 3rd period - Wrist shot by Justin Sourdif.
11:00 of 3rd period - Stopped by Remi Poirier without a rebound.
11:01 of 3rd period - Logan Morrison wins face-off versus Adam Ruzicka in Sarnia Sailors zone.
11:01 of 3rd period - Logan Morrison is hit by Dmitri Voronkov.
11:23 of 3rd period - Minor Penalty to Cole Reinhardt for Slashing.
11:24 of 3rd period - Adam Erne wins face-off versus Justin Danforth in Sarnia Sailors zone.
13:23 of 3rd period - Penalty to Cole Reinhardt is over, Cole Reinhardt is back on ice.
13:24 of 3rd period - Icing by Tristen Nielsen.
13:25 of 3rd period - Logan Morrison wins face-off versus Dmitri Voronkov in Sarnia Sailors zone.
13:29 of 3rd period - Off-side.
13:30 of 3rd period - Brad Lambert wins face-off versus Justin Sourdif in neutral zone.
14:26 of 3rd period - Snap shot by Justin Danforth.
14:26 of 3rd period - Shot Blocked by Jamie Drysdale.
14:36 of 3rd period - Isaak Phillips is hit by Antti Saarela and loses puck.
14:43 of 3rd period - Slapshot by Victor Soderstrom.
14:43 of 3rd period - Stopped by Remi Poirier with a rebound.
14:50 of 3rd period - Icing by Antti Saarela.
14:51 of 3rd period - Brad Lambert wins face-off versus Marat Khusnutdinov in Sarnia Sailors zone.
14:56 of 3rd period - Slapshot by Jamie Drysdale.
14:56 of 3rd period - Deflect By Vasili Podkolzin.
14:56 of 3rd period - Stopped by Filip Gustavsson with a rebound.
14:58 of 3rd period - Slapshot by Declan Chisholm.
14:58 of 3rd period - Deflect By Brad Lambert.
14:58 of 3rd period - Stopped by Filip Gustavsson with a rebound.
15:00 of 3rd period - Snap shot by Vasili Podkolzin.
15:00 of 3rd period - Stopped by Filip Gustavsson without a rebound.
15:01 of 3rd period - Marat Khusnutdinov wins face-off versus Logan Morrison in Orlando Solar Bears zone.
15:01 of 3rd period - Justin Brazeau is hit by Jett Woo.
16:08 of 3rd period - Slapshot by Jesse Puljujarvi.
16:08 of 3rd period - Stopped by Filip Gustavsson with a rebound.
16:10 of 3rd period - Wrist shot by Antti Saarela.
16:10 of 3rd period - Deflect By Lucas Edmonds.
16:10 of 3rd period - Shot Blocked by Victor Soderstrom.
16:10 of 3rd period - Puck is out of play.
16:11 of 3rd period - Antti Saarela wins face-off versus Marat Khusnutdinov in Orlando Solar Bears zone.
16:12 of 3rd period - Slapshot by Declan Chisholm.
16:12 of 3rd period - Stopped by Filip Gustavsson without a rebound.
16:13 of 3rd period - Marat Khusnutdinov wins face-off versus Antti Saarela in Orlando Solar Bears zone.
16:15 of 3rd period - Icing by Carter Mazur.
16:16 of 3rd period - Marat Khusnutdinov wins face-off versus Logan Morrison in Orlando Solar Bears zone.
16:41 of 3rd period - Snap shot by Justin Sourdif.
16:41 of 3rd period - Shot Misses the Net.
16:47 of 3rd period - Backhand shot by Viktor Neuchev.
16:47 of 3rd period - Shot Misses the Net.
16:49 of 3rd period - Snap shot by Martin Pospisil.
16:49 of 3rd period - Stopped by Remi Poirier with a rebound.
17:25 of 3rd period - Slapshot by Jamie Drysdale.
17:25 of 3rd period - Deflect By Landon Slaggert.
17:25 of 3rd period - Stopped by Filip Gustavsson with a rebound.
18:12 of 3rd period - Wrist shot by Arthur Kaliyev.
18:12 of 3rd period - Stopped by Filip Gustavsson with a rebound.
18:34 of 3rd period - Sarnia Sailors, Remi Poirier is pulled from the net.
18:40 of 3rd period - Snap shot by Jesse Puljujarvi.
18:40 of 3rd period - Shot Misses the Net.
19:10 of 3rd period - Snap shot by Adam Ruzicka.
19:10 of 3rd period - Goal by Adam Ruzicka - Sarnia Sailors : 1 - Orlando Solar Bears : 3.
19:10 of 3rd period - Remi Poirier from Sarnia Sailors was sent back in the game.
19:11 of 3rd period - Logan Morrison wins face-off versus Marat Khusnutdinov in neutral zone.
19:38 of 3rd period - Slapshot by Jesse Puljujarvi.
19:38 of 3rd period - Shot Misses the Net.
19:47 of 3rd period - Off-side.
19:48 of 3rd period - Logan Morrison wins face-off versus Dmitri Voronkov in neutral zone.
Goals for this period are 0 for Sarnia Sailors vs 1 for Orlando Solar Bears.
Shots for this period are 9 for Sarnia Sailors vs 18 for Orlando Solar Bears.
Back to the Top